IL
SYRACUSE CHIEFS @ LOUISVILLE STALLIONS
05/08/1981
 
TOP OF THE 1ST
Syracuse Chiefs batting - Pitching for Louisville Stallions : LHP Gary Pickert
Pitching: LHP Gary Pickert
Batting: RHB Marshall Camarena 0-0: Swinging Strike
0-1: Ball
1-1: Foul Ball, location: 2F
1-2: Foul Ball, location: 2F
1-2: Foul Ball, location: 2F
1-2: Foul Ball, location: 2F
1-2: Foul Ball, location: 2F
1-2: Foul Ball, location: 2F
1-2: Ball
2-2: Foul Ball, location: 2F
2-2: Strikes out swinging
Batting: RHB Don Money 0-0: Foul Ball, location: 2F
0-1: Fly out, F9 (Line Drive, 9, EV 90.0 MPH)
Batting: RHB Andres Galarraga 0-0: Ground out 2-3 (Groundball, 2L, EV 67.5 MPH)
Top of the 1st over - 0 runs, 0 hits, 0 errors, 0 left on base; Syracuse 0 - Louisville 0
BOTTOM OF THE 1ST
Louisville Stallions batting - Pitching for Syracuse Chiefs : RHP Lew Lerner
Pitching: RHP Lew Lerner
Batting: LHB Steven Mobberley 0-0: Called Strike
0-1: Bunt missed!
0-2: Fly out, F5 (Popup, 5SF, EV 46.3 MPH)
Batting: RHB Josh Grimes 0-0: Ball
1-0: Ball
2-0: Called Strike
2-1: Fly out, F7 (Flyball, 7D, EV 108.8 MPH)
Batting: LHB Mauricio Gracia 0-0: Ground out 6-3 (Groundball, 56, EV 88.1 MPH)
Bottom of the 1st over - 0 runs, 0 hits, 0 errors, 0 left on base; Syracuse 0 - Louisville 0
TOP OF THE 2ND
Syracuse Chiefs batting - Pitching for Louisville Stallions : LHP Gary Pickert
Batting: RHB Brent Kimball 0-0: Ball
1-0: Called Strike
1-1: Ball
2-1: Swinging Strike
2-2: Strikes out swinging
Batting: RHB Milt Jefferson 0-0: Called Strike
0-1: SOLO HOME RUN (Flyball, 7LD, EV 90.6 MPH), Distance : 363 ft
Batting: LHB Ron Diggle 0-0: Foul Ball, location: 2F
0-1: Swinging Strike
0-2: Ball
1-2: Foul Ball, location: 2F
1-2: Strikes out swinging
Batting: RHB Dan Thomas 0-0: Foul Ball, location: 2F
0-1: Foul Ball, location: 2F
0-2: Ball
1-2: Ball
2-2: Ball
3-2: Foul Ball, location: 2F
3-2: Ground out U3 (Groundball, 34, EV 91.9 MPH)
Top of the 2nd over - 1 run, 1 hit, 0 errors, 0 left on base; Syracuse 1 - Louisville 0
BOTTOM OF THE 2ND
Louisville Stallions batting - Pitching for Syracuse Chiefs : RHP Lew Lerner
Batting: RHB Chris Bigas 0-0: Ball
1-0: Foul Ball, location: 2F
1-1: Ball
2-1: Foul Ball, location: 2F
2-2: Fly out, F8 (Line Drive, 8LD, EV 88.8 MPH)
Batting: SHB Gerald DeSimone 0-0: Ball
1-0: Called Strike
1-1: Ball
2-1: Ball
3-1: Fly out, F4 (Popup, 3D, EV 67.5 MPH)
Batting: RHB Dave Malpeso 0-0: Ball
1-0: Called Strike
1-1: Ground out 5-3 (Groundball, 5L, EV 92.5 MPH)
Bottom of the 2nd over - 0 runs, 0 hits, 0 errors, 0 left on base; Syracuse 1 - Louisville 0
TOP OF THE 3RD
Syracuse Chiefs batting - Pitching for Louisville Stallions : LHP Gary Pickert
Batting: SHB Arthur Fischetti 0-0: Foul Ball, location: 2F
0-1: Bunt missed!
0-2: Ball
1-2: Foul Ball, location: 2F
1-2: Strikes out swinging
Batting: LHB Dwayne Murphy 0-0: Ground out U3 (Groundball, 34S, EV 75.6 MPH)
Batting: RHB Marshall Camarena 0-0: Swinging Strike
0-1: Swinging Strike
0-2: Ball
1-2: Ball
2-2: Strikes out swinging
Top of the 3rd over - 0 runs, 0 hits, 0 errors, 0 left on base; Syracuse 1 - Louisville 0
BOTTOM OF THE 3RD
Louisville Stallions batting - Pitching for Syracuse Chiefs : RHP Lew Lerner
Batting: RHB Kelly Heath 0-0: Called Strike
0-1: Swinging Strike
0-2: Ball
1-2: Ground out 5-3 (Groundball, 5S, EV 86.3 MPH)
Batting: LHB John Tucker 0-0: Swinging Strike
0-1: Ground out 4-3 (Groundball, 4, EV 81.9 MPH)
Batting: RHB Stephen Dembowski 0-0: Ball
1-0: Called Strike
1-1: SINGLE (Groundball, 56, EV 94.4 MPH)
Batting: LHB Steven Mobberley 0-0: Fly out, F8 (Flyball, 8RS, EV 87.5 MPH)
Bottom of the 3rd over - 0 runs, 1 hit, 0 errors, 1 left on base; Syracuse 1 - Louisville 0
TOP OF THE 4TH
Syracuse Chiefs batting - Pitching for Louisville Stallions : LHP Gary Pickert
Batting: RHB Don Money 0-0: Fly out, F9 (Flyball, 9S, EV 80.6 MPH)
Batting: RHB Andres Galarraga 0-0: Called Strike
0-1: Ball
1-1: SINGLE (Line Drive, 34D, EV 99.4 MPH)
Batting: RHB Brent Kimball Pickoff Throw to First - Out! 1-3
0-0: Ball
1-0: Called Strike
1-1: Foul Ball, location: 2F
1-2: Ball
2-2: Foul Ball, location: 2F
2-2: Strikes out swinging
Top of the 4th over - 0 runs, 1 hit, 0 errors, 0 left on base; Syracuse 1 - Louisville 0
BOTTOM OF THE 4TH
Louisville Stallions batting - Pitching for Syracuse Chiefs : RHP Lew Lerner
Batting: RHB Josh Grimes 0-0: Called Strike
0-1: Ball
1-1: Reached on error, E5 (Groundball, 5L, EV 100.6 MPH)
Batting: LHB Mauricio Gracia 0-0: Ground out 2-3 (Groundball, 15S, EV 75.0 MPH)
Josh Grimes to third
Batting: RHB Chris Bigas 0-0: Ball
1-0: Ground out 5-3 (Groundball, 56, EV 81.9 MPH)
Josh Grimes scores
Batting: SHB Gerald DeSimone 0-0: Ball
1-0: Called Strike
1-1: Fly out, F8 (Line Drive, 8RD, EV 95.0 MPH)
Bottom of the 4th over - 1 run, 0 hits, 1 error, 0 left on base; Syracuse 1 - Louisville 1
TOP OF THE 5TH
Syracuse Chiefs batting - Pitching for Louisville Stallions : LHP Gary Pickert
Batting: RHB Milt Jefferson 0-0: Ball
1-0: Ball
2-0: Called Strike
2-1: Fly out, F8 (Flyball, 8LD, EV 98.1 MPH)
Batting: LHB Ron Diggle 0-0: Ball
1-0: Ball
2-0: Ball
3-0: Base on Balls
Batting: RHB Dan Thomas 0-0: Ball
1-0: Fly out, F9 (Flyball, 89D, EV 101.9 MPH)
Batting: SHB Arthur Fischetti 0-0: Called Strike
0-1: Ball
1-1: Foul Ball, location: 2F
1-2: Ball
2-2: Fly out, F8 (Line Drive, 8LD, EV 93.1 MPH)
Top of the 5th over - 0 runs, 0 hits, 0 errors, 1 left on base; Syracuse 1 - Louisville 1
BOTTOM OF THE 5TH
Louisville Stallions batting - Pitching for Syracuse Chiefs : RHP Lew Lerner
Batting: RHB Dave Malpeso 0-0: Foul Ball, location: 2F
0-1: Swinging Strike
0-2: SOLO HOME RUN (Flyball, 7LD, EV 100.6 MPH), Distance : 371 ft
Batting: RHB Kelly Heath 0-0: Ball
1-0: Called Strike
1-1: Ball
2-1: Ball
3-1: SINGLE (Flyball, 78S, EV 87.5 MPH)
Batting: LHB John Tucker 0-0: Bunt missed!
0-1: Bunted foul
0-2: Fly out, F4 (Flyball, 34D, EV 64.4 MPH)
Batting: RHB Stephen Dembowski 0-0: Foul Ball, location: 2F
0-1: Ball
1-1: Ball
2-1: Hit by Pitch
Kelly Heath to second
Batting: LHB Steven Mobberley 0-0: Called Strike
0-1: Swinging Strike
0-2: Ball
1-2: Ball
2-2: DOUBLE (Line Drive, 9LS, EV 110.6 MPH)
Kelly Heath scores
Stephen Dembowski to third
Batting: RHB Josh Grimes 0-0: Ball
1-0: Ground out 6-3 (Groundball, 6D, EV 86.3 MPH)
Stephen Dembowski scores
Steven Mobberley to third
Batting: LHB Mauricio Gracia 0-0: Ground out U3 (Groundball, 3, EV 90.0 MPH)
Bottom of the 5th over - 3 runs, 3 hits, 0 errors, 1 left on base; Syracuse 1 - Louisville 4
TOP OF THE 6TH
Syracuse Chiefs batting - Pitching for Louisville Stallions : LHP Gary Pickert
Batting: LHB Dwayne Murphy 0-0: Ball
1-0: Swinging Strike
1-1: Ground out U3 (Groundball, 3, EV 78.8 MPH)
Batting: RHB Marshall Camarena 0-0: Ball
1-0: Ball
2-0: Foul Ball, location: 2F
2-1: TRIPLE (Flyball, 78XD, EV 101.3 MPH)
Batting: RHB Don Money 0-0: Ball
1-0: Ball
2-0: Fly out, F7 (Flyball, 78XD, EV 94.4 MPH)
Runner from 3rd tags up, SCORES, no throw by LF
Batting: RHB Andres Galarraga 0-0: Fly out, F8 (Line Drive, 8RM, EV 88.1 MPH)
Top of the 6th over - 1 run, 1 hit, 0 errors, 0 left on base; Syracuse 2 - Louisville 4
BOTTOM OF THE 6TH
Louisville Stallions batting - Pitching for Syracuse Chiefs : RHP Lew Lerner
Batting: RHB Chris Bigas 0-0: Foul Ball, location: 2F
0-1: Ball
1-1: Ground out 6-3 (Groundball, 6M, EV 76.9 MPH)
Batting: SHB Gerald DeSimone 0-0: Foul Ball, location: 2F
0-1: Called Strike
0-2: Ball
1-2: Strikes out swinging
Batting: RHB Dave Malpeso 0-0: Ball
1-0: Ball
2-0: Called Strike
2-1: Fly out, F9 (Flyball, 9S, EV 96.9 MPH)
Bottom of the 6th over - 0 runs, 0 hits, 0 errors, 0 left on base; Syracuse 2 - Louisville 4
TOP OF THE 7TH
Syracuse Chiefs batting - Pitching for Louisville Stallions : LHP Gary Pickert
Batting: RHB Brent Kimball 0-0: Called Strike
0-1: Ball
1-1: Ball
2-1: Fly out, F8 (Flyball, 8RS, EV 89.4 MPH)
Batting: RHB Milt Jefferson 0-0: Foul Ball, location: 2F
0-1: Ball
1-1: Ball
2-1: Ball
3-1: SINGLE (Groundball, 34D, EV 104.4 MPH)
Batting: LHB Ron Diggle 0-0: Called Strike
0-1: Fielders Choice at 2nd, 4-6 (Groundball, 34D, EV 86.9 MPH)
Batting: RHB Dan Thomas 0-0: Called Strike
0-1: Ball
1-1: Foul Ball, location: 2F
1-2: Ball
2-2: Fly out, F8 (Flyball, 8LD, EV 103.8 MPH)
Top of the 7th over - 0 runs, 1 hit, 0 errors, 1 left on base; Syracuse 2 - Louisville 4
BOTTOM OF THE 7TH
Louisville Stallions batting - Pitching for Syracuse Chiefs : RHP Lew Lerner
Batting: RHB Kelly Heath 0-0: Fly out, F9 (Flyball, 9LM, EV 85.6 MPH)
Batting: LHB John Tucker 0-0: Swinging Strike
0-1: Foul Ball, location: 2F
0-2: Ground out 5-3 (Groundball, 56S, EV 83.1 MPH)
Batting: RHB Stephen Dembowski 0-0: Called Strike
0-1: Swinging Strike
0-2: Strikes out looking
Bottom of the 7th over - 0 runs, 0 hits, 0 errors, 0 left on base; Syracuse 2 - Louisville 4
TOP OF THE 8TH
Syracuse Chiefs batting - Pitching for Louisville Stallions : LHP Gary Pickert
Batting: SHB Arthur Fischetti 0-0: Ball
1-0: Ball
2-0: Foul Ball, location: 2F
2-1: Foul Ball, location: 2F
2-2: TRIPLE (Line Drive, 78XD, EV 109.4 MPH)
Batting: LHB Dwayne Murphy 0-0: Ball
1-0: Ball
2-0: Called Strike
2-1: Fly out, F7 (Line Drive, 7, EV 98.1 MPH)
Runner from 3rd tags up, SCORES, throw by LF
Batting: RHB Marshall Camarena 0-0: Ball
1-0: SINGLE (Flyball, 8RS, EV 97.5 MPH)
Batting: RHB Don Money 0-0: Fly out, F8 (Flyball, 8LD, EV 86.3 MPH)
Batting: RHB Andres Galarraga 0-0: Ball
1-0: Called Strike
1-1: Ball
2-1: DOUBLE (Line Drive, 9LM, EV 97.5 MPH)
Marshall Camarena to third
Runner from 3rd tries for Home, SAFE, no throw by RF
Batting: RHB Brent Kimball 0-0: Ball
1-0: Called Strike
1-1: Ball
2-1: Foul Ball, location: 2F
2-2: Ball
3-2: Ground out 6-3 (Groundball, 6, EV 91.9 MPH)
Top of the 8th over - 2 runs, 3 hits, 0 errors, 1 left on base; Syracuse 4 - Louisville 4
BOTTOM OF THE 8TH
Louisville Stallions batting - Pitching for Syracuse Chiefs : RHP Lew Lerner
Batting: LHB Steven Mobberley 0-0: Called Strike
0-1: Called Strike
0-2: Foul Ball, location: 2F
0-2: Strikes out swinging
Pitching: RHP Dave Heaverlo
Batting: RHB Josh Grimes 0-0: Ball
1-0: Ball
2-0: Ground out 6-3 (Groundball, 6, EV 103.1 MPH)
Batting: LHB Mauricio Gracia 0-0: Ball
1-0: Ball
2-0: Called Strike
2-1: Fly out, F8 (Flyball, 78M, EV 91.9 MPH)
Bottom of the 8th over - 0 runs, 0 hits, 0 errors, 0 left on base; Syracuse 4 - Louisville 4
TOP OF THE 9TH
Syracuse Chiefs batting - Pitching for Louisville Stallions : LHP Gary Pickert
Pitching: RHP Roger Slagle
Batting: RHB Milt Jefferson 0-0: Fly out, F4 (Flyball, 34D, EV 90.6 MPH)
Batting: LHB Ron Diggle 0-0: Called Strike
0-1: Called Strike
0-2: Ball
1-2: Foul Ball, location: 2F
1-2: Strikes out swinging
Batting: RHB Dan Thomas 0-0: Called Strike
0-1: Ball
1-1: Foul Ball, location: 2F
1-2: Ball
2-2: Ball
3-2: Foul Ball, location: 2F
3-2: Base on Balls
Batting: SHB Arthur Fischetti 0-0: Called Strike
0-1: Fielders Choice at 2nd, 5-4 (Groundball, 56, EV 78.8 MPH)
Top of the 9th over - 0 runs, 0 hits, 0 errors, 1 left on base; Syracuse 4 - Louisville 4
BOTTOM OF THE 9TH
Louisville Stallions batting - Pitching for Syracuse Chiefs : RHP Dave Heaverlo
Pitching: RHP Charles Beasley
Batting: RHB Chris Bigas 0-0: Ball
1-0: Called Strike
1-1: Ground out 5-3 (Groundball, 56, EV 83.8 MPH)
Batting: SHB Gerald DeSimone 0-0: Called Strike
0-1: Ball
1-1: Called Strike
1-2: Foul Ball, location: 2F
1-2: Fly out, F7 (Flyball, 78S, EV 95.0 MPH)
Batting: RHB Dave Malpeso 0-0: Called Strike
0-1: Fly out, F7 (Flyball, 7, EV 86.3 MPH)
Bottom of the 9th over - 0 runs, 0 hits, 0 errors, 0 left on base; Syracuse 4 - Louisville 4
TOP OF THE 10TH
Syracuse Chiefs batting - Pitching for Louisville Stallions : RHP Roger Slagle
Batting: LHB Dwayne Murphy 0-0: Ball
1-0: Called Strike
1-1: Called Strike
1-2: Foul Ball, location: 2F
1-2: Foul Ball, location: 2F
1-2: Foul Ball, location: 2F
1-2: Ground out 1-3 (Groundball, P, EV 65.0 MPH)
Batting: RHB Marshall Camarena 0-0: Ground out 1-3 (Groundball, P, EV 76.9 MPH)
Batting: RHB Don Money 0-0: Foul Ball, location: 2F
0-1: Ball
1-1: Foul Ball, location: 2F
1-2: Ball
2-2: Ground out U3 (Groundball, 34S, EV 82.5 MPH)
Top of the 10th over - 0 runs, 0 hits, 0 errors, 0 left on base; Syracuse 4 - Louisville 4
BOTTOM OF THE 10TH
Louisville Stallions batting - Pitching for Syracuse Chiefs : RHP Charles Beasley
Batting: RHB Kelly Heath 0-0: Called Strike
0-1: Swinging Strike
0-2: Foul Ball, location: 2F
0-2: Foul Ball, location: 2F
0-2: Ball
1-2: Ground out 4-3 (Groundball, 4, EV 87.5 MPH)
Batting: LHB John Tucker 0-0: Ball
1-0: Foul Ball, location: 2F
1-1: Foul Ball, location: 2F
1-2: Ball
2-2: Strikes out swinging
Batting: RHB Stephen Dembowski 0-0: Ball
1-0: Foul Ball, location: 2F
1-1: Foul Ball, location: 2F
1-2: Foul Ball, location: 2F
1-2: Foul Ball, location: 2F
1-2: Foul Ball, location: 2F
1-2: Foul Ball, location: 2F
1-2: Ground out 6-3 (Groundball, 6, EV 82.5 MPH)
Bottom of the 10th over - 0 runs, 0 hits, 0 errors, 0 left on base; Syracuse 4 - Louisville 4
TOP OF THE 11TH
Syracuse Chiefs batting - Pitching for Louisville Stallions : RHP Roger Slagle
Pitching: RHP Jerry Ujdur
Batting: RHB Andres Galarraga 0-0: Ball
1-0: Swinging Strike
1-1: Ball
2-1: Ground out 5-3 (Groundball, 56, EV 86.9 MPH)
Batting: RHB Brent Kimball 0-0: Ball
1-0: Ball
2-0: Foul Ball, location: 2F
2-1: Foul Ball, location: 2F
2-2: Ground out 6-3 (Groundball, 6D, EV 101.3 MPH)
Batting: RHB Milt Jefferson 0-0: Ball
1-0: Ball
2-0: Called Strike
2-1: Ball
3-1: Base on Balls
Batting: LHB Ron Diggle 0-0: Ball
1-0: Swinging Strike
1-1: Foul Ball, location: 2F
1-2: Foul Ball, location: 2F
1-2: Ball
2-2: Ground out 1-3 (Groundball, P, EV 83.8 MPH)
Top of the 11th over - 0 runs, 0 hits, 0 errors, 1 left on base; Syracuse 4 - Louisville 4
BOTTOM OF THE 11TH
Louisville Stallions batting - Pitching for Syracuse Chiefs : RHP Charles Beasley
Pitching: RHP Roy Lee Jackson
Batting: LHB Steven Mobberley 0-0: Ball
1-0: Foul Ball, location: 2F
1-1: Foul Ball, location: 2F
1-2: Ball
2-2: Foul Ball, location: 2F
2-2: Ball
3-2: Base on Balls
Pinch Hitting: LHB Lawrence Grahek 0-0: Foul Ball, location: 2F
0-1: Ball
1-1: Called Strike
1-2: SINGLE (Groundball, 56S, EV 61.9 MPH) (infield hit)
Steven Mobberley to second
Batting: LHB Mauricio Gracia 0-0: Ball
1-0: Ball
2-0: Fly out, F8 (Flyball, 8LM, EV 90.6 MPH)
Batting: RHB Chris Bigas 0-0: Grounds into double play, 5-4-3 (Groundball, 5, EV 88.1 MPH)
Bottom of the 11th over - 0 runs, 1 hit, 0 errors, 1 left on base; Syracuse 4 - Louisville 4
TOP OF THE 12TH
Syracuse Chiefs batting - Pitching for Louisville Stallions : RHP Jerry Ujdur
Now at 3B: Joe Lefebvre
Batting: RHB Dan Thomas 0-0: Swinging Strike
0-1: Fly out, F3 (Popup, 3F, EV 76.9 MPH)
Batting: SHB Arthur Fischetti 0-0: Ball
1-0: Ball
2-0: Foul Ball, location: 2F
2-1: Fly out, F9 (Flyball, 9, EV 84.4 MPH)
Batting: LHB Dwayne Murphy 0-0: Called Strike
0-1: Called Strike
0-2: Ball
1-2: Strikes out looking
Top of the 12th over - 0 runs, 0 hits, 0 errors, 0 left on base; Syracuse 4 - Louisville 4
BOTTOM OF THE 12TH
Louisville Stallions batting - Pitching for Syracuse Chiefs : RHP Roy Lee Jackson
Batting: SHB Gerald DeSimone 0-0: Ball
1-0: Called Strike
1-1: Ball
2-1: Called Strike
2-2: Ball
3-2: SINGLE (Groundball, 56D, EV 109.4 MPH)
Batting: RHB Dave Malpeso 0-0: Ball
1-0: Ball
2-0: Called Strike
2-1: Foul Ball, location: 2F
2-2: Fly out, F9 (Flyball, 9LS, EV 81.9 MPH)
Batting: RHB Kelly Heath 0-0: Ball
1-0: Bunt missed!
1-1: Sac Bunt to 15 - play at first, batter OUT! 1-4
Gerald DeSimone to second
Batting: LHB John Tucker 0-0: Ball
1-0: Ball
2-0: Ball
3-0: Called Strike
3-1: Base on Balls
Batting: RHB Stephen Dembowski 0-0: Ball
1-0: Called Strike
1-1: Ball
2-1: Foul Ball, location: 2F
2-2: Ball
3-2: SINGLE (Line Drive, 34D, EV 96.9 MPH)
Gerald DeSimone to third
John Tucker to second
Gerald DeSimone scores
Bottom of the 12th over - 1 run, 2 hits, 0 errors, 0 left on base; Syracuse 4 - Louisville 5
Sunday, June 21st, 2020 - OOTP Baseball 21.4 Build 63